 Dungeon Crawl Stone Soup version 0.18-a0-1126-ga2d7f46 (webtiles) character file.

2851 M4edhros the Covert (level 9, -6/53 HPs)
             Began as an Octopode Artificer on Jan 20, 2016.
             Was an Elder of Fedhas.
             Mangled by an orc warrior
             ... wielding a +0 halberd
              (26 damage)
             ... on level 8 of the Dungeon.
             The game lasted 00:15:07 (7124 turns).

M4edhros the Covert (Octopode Artificer)            Turns: 7124, Time: 00:15:07

Health: -6/53      AC:  2    Str: 10    XL:     9   Next: 74%
Magic:  22/22      EV: 11    Int: 17    God:    Fedhas [****..]
Gold:   381        SH: 13    Dex: 13    Spells: 0 memorised, 8 levels left

rFire  . . .     SeeInvis .     K - +1 hunting sling
rCold  . . .     Gourm    .     a - +0 large shield (curse)
rNeg   . . .     Faith    +     n - +1 hat
rPois  .         Spirit   .     J - amulet of Vanity {Faith *Corrode MR+ Slay+2}
rElec  .         Dismiss  .     j - ring of stealth
rCorr  +         Reflect  .     p - ring of stealth
SustAt .         Harm     .     L - ring of magical power
MR     +....                    O - ring of resist corrosion
Stlth  +++++++...               (no ring)
                                (no ring)
                                (no ring)
                                (no ring)

@: lethally poisoned (-6 -> -7), somewhat resistant to hostile enchantments,
extremely stealthy
A: almost no armour, amphibious, 8 rings, constrict 8, camouflage 1, gelatinous
body 1
a: Evolution, Sunlight, Growth, Reproduction, Renounce Religion


You were on level 8 of the Dungeon.
You worshipped Fedhas.
Fedhas was greatly pleased with you.
You were hungry.

You visited 1 branch of the dungeon, and saw 8 of its levels.
You also visited: Sewer.

You collected 381 gold pieces.

Inventory:

Hand Weapons
 x - a +0 short sword of freezing
 A - a +2 mace of protection
 I - a +1 trident of freezing
 K - a +1 hunting sling (weapon)
Missiles
 v - 19 sling bullets of frost
 w - 25 poisoned sling bullets
 C - a throwing net
 D - 110 stones (quivered)
 H - 92 sling bullets
Armour
 a - a cursed +0 large shield (worn)
 n - a +1 hat (worn)
Jewellery
 j - a ring of stealth (left tentacle)
 p - a ring of stealth (right tentacle)
 J - the amulet of Vanity (around mantle) {Faith *Corrode MR+ Slay+2}
   (You took it off an orc priest on level 5 of the Dungeon)

   [amulet of faith]

   It allows you to gain divine favour quickly.
   It affects your accuracy and damage with ranged weapons and melee attacks
   (+2).
   It affects your resistance to hostile enchantments.
   It may corrode your equipment when you take damage.
 L - a ring of magical power (on tentacle)
 O - a ring of resist corrosion (on tentacle)
Wands
 b - a wand of flame (5/48)
 c - a wand of enslavement (9/24)
 d - a wand of random effects (6/48)
 N - a wand of enslavement (15/24)
Scrolls
 e - 2 scrolls of noise
 i - a scroll of fog {unknown}
 k - 3 scrolls of enchant armour
 l - a scroll of fear
 m - 4 scrolls of teleportation
 r - a scroll of recharging
 s - 3 scrolls of magic mapping
 t - a scroll of identify
 E - 3 scrolls of blinking
Potions
 h - 2 potions of haste
 o - a potion of poison {unknown}
 u - 3 potions of heal wounds {unknown}
 z - 6 potions of flight {unknown}
 B - 4 potions of magic {unknown}
 F - a potion of might {unknown}
 M - a potion of brilliance {unknown}
 P - a potion of agility {unknown}
Books
 y - a book of the Dragon

   Spells                             Type                      Level
   a - Flame Tongue                   Conjuration/Fire             1
   b - Cause Fear                     Hexes                        4
   c - Bolt of Fire                   Conjuration/Fire             6
   d - Dragon Form                    Transmutation                7
   e - Dragon's Call                  Summoning                    9
Comestibles
 f - 6 bread rations
 g - a royal jelly
 q - 3 fruits
 G - 7 slices of pizza
 Q - a meat ration


   Skills:
 - Level 1.0 Fighting
 - Level 1.0 Short Blades
 + Level 3.5 Slings
 + Level 5.5 Dodging
 + Level 8.1 Stealth
 * Level 6.8 Shields
 + Level 5.0 Invocations
 + Level 6.5 Evocations


You had 8 spell levels left.
You didn't know any spells.

Dungeon Overview and Level Annotations

Branches:
Dungeon (8/15)             Temple (0/1) D:7
   Lair: D:8-11

Altars:
Ashenzari
Elyvilon
Fedhas
Kikubaaqudgha
Nemelex Xobeh
Okawaru
Pakellas
Sif Muna
Vehumet
Yredelemnul


Innate Abilities, Weirdness & Mutations

You cannot wear most types of armour.
You are amphibious.
You can wear up to eight rings at the same time.
You can use your tentacles to constrict eight enemies at once.
Your skin changes colour to match your surroundings (Stealth).
Your rubbery body absorbs attacks (AC +1).


Message History

The orc warrior is heavily wounded.
You feel sick.
An orc comes into view. It is wielding a trident.
Firing (i - inventory. (,) - cycle):
D - 112 stones (quivered)
Press: ? - help, Shift-Dir - straight line, f/p - orc warrior
Aim: an orc warrior, wielding a halberd and wearing a plate armour (heavily wounded)
You shoot a stone. The orc shouts!
The stone hits the orc warrior but does no damage.
The orc warrior is heavily wounded.
The orc warrior misses you.
Firing (i - inventory. (,) - cycle):
D - 111 stones (quivered)
Press: ? - help, Shift-Dir - straight line, f/p - orc warrior
Aim: an orc warrior, wielding a halberd and wearing a plate armour (heavily wounded)
You shoot a stone.
The stone hits the orc warrior but does no damage.
The orc warrior is heavily wounded.
The orc warrior hits you from afar with a halberd!!
You die...
Fedhas appreciates your contribution to the ecosystem.

#### ####
(##(..###..#
((((......#
...(....f.#
..o..o.@f.#
..(..(..f.#
#####.###'#### ###
#####.##.####.##
#.>............#
#..............# ##
#..............# #.
#..##########.#####.
#..##..######)##..#.


You could see an orc warrior, an orc and 3 friendly wandering mushrooms.

Vanquished Creatures
  Joseph (D:7)
  The ghost of lysy the Firebug, a novice DEFE (D:4)
  Menkaure (D:7)
  An orc warrior (D:7)
  Purgy (Sewer)
  An ogre (D:7)
  A giant frog (D:8)
  A big kobold (D:8)
  3 wights (D:6)
  4 hounds
  An orc priest (D:5)
  2 orc wizards
  A centaur skeleton (D:6)
  A gnoll shaman (D:4)
  An iguana (D:7)
  3 worker ants
  A sheep (D:7)
  2 hound skeletons
  14 adders
  8 gnolls
  An ooze (D:3)
  An adder skeleton (D:5)
  A worm (D:4)
  5 giant geckos
  17 orcs
  4 ball pythons
  10 giant cockroaches
  8 goblins
  7 hobgoblins
  5 jackals (D:1)
  A quokka (D:4)
  5 bats
  2 giant gecko skeletons
  11 giant newts
  13 kobolds
  5 rats
145 creatures vanquished.

Vanquished Creatures (collateral kills)
  The ghost of Chiseanne the Skirmisher, a novice CeAE of Gozag (D:7)
  The ghost of Borgoz the Chopper, an amateur DDFi of Makhleb (D:5)
  A human (D:7)
  A black bear (D:7)
  An ogre (D:8)
  2 centaurs
  A giant frog (D:8)
  A wyvern skeleton (D:6)
  A scorpion (D:8)
  2 crimson imps
  An orc priest (D:5)
  3 orc wizards
  An iguana (D:8)
  3 worker ants
  3 sheep (D:7)
  A gnoll (D:7)
  An adder (D:6)
  A worm (D:4)
  A giant gecko (D:4)
  3 orcs
  A jackal (D:1)
  2 kobolds (D:8)
  A jackal skeleton (D:4)
34 creatures vanquished.

Vanquished Creatures (others)
  A killer bee zombie (D:7)
  A wandering mushroom (D:7)
  A worker ant zombie (D:6)
  An adder (D:4)
  A jackal (D:1)
  122 toadstools
127 creatures vanquished.

Grand Total: 306 creatures vanquished

Notes
Turn   | Place    | Note
--------------------------------------------------------------
     0 | D:1      | M4edhros the Octopode Artificer began the quest for the Orb.
     0 | D:1      | Reached XP level 1. HP: 13/13 MP: 3/3
    62 | D:1      | Reached XP level 2. HP: 13/18 MP: 4/4
   155 | D:2      | Found a shattered altar of Ashenzari.
   453 | D:2      | Reached XP level 3. HP: 17/23 MP: 5/5
   491 | D:3      | Found a blossoming altar of Fedhas.
   498 | D:3      | Became a worshipper of Fedhas Madash
   738 | D:2      | Found a basalt altar of Yredelemnul.
  1184 | D:1      | Reached * piety under Fedhas
  1435 | D:1      | Reached XP level 4. HP: 28/28 MP: 6/6
  1898 | D:3      | Found an iron altar of Okawaru.
  2288 | D:4      | Reached skill level 1 in Shields
  2288 | D:4      | Reached XP level 5. HP: 25/33 MP: 7/7
  2308 | D:4      | Noticed lysy's ghost (novice DEFE)
  2449 | D:4      | Reached ** piety under Fedhas
  2483 | D:4      | Reached skill level 4 in Stealth
  2554 | D:4      | Killed lysy's ghost
  2554 | D:4      | Reached skill level 1 in Invocations
  2554 | D:4      | Reached XP level 6. HP: 18/38 MP: 7/9
  2697 | D:4      | Found an ancient bone altar of Kikubaaqudgha.
  2738 | D:4      | Reached skill level 5 in Stealth
  2948 | D:4      | Found a glowing drain.
  2954 | Sewer    | Entered a sewer
  3118 | Sewer    | Noticed Purgy
  3129 | Sewer    | Killed Purgy
  3129 | Sewer    | Reached XP level 7. HP: 19/43 MP: 10/10
  3574 | D:5      | Entered Level 5 of the Dungeon
  3950 | D:5      | Found an oddly glowing altar of Pakellas.
  3960 | D:5      | Reached *** piety under Fedhas
  3972 | D:5      | Reached skill level 5 in Evocations
  3975 | D:5      | Got a transparent ruby amulet
  4063 | D:5      | Identified the amulet of Vanity {Faith *Corrode MR+ Slay+2} (You took it off an orc priest on level 5 of the Dungeon)
  4324 | D:5      | Noticed Borgoz's ghost (amateur DDFi)
  4333 | D:5      | Killed Borgoz's ghost
  4333 | D:5      | Reached skill level 6 in Stealth
  4333 | D:5      | Reached XP level 8. HP: 48/48 MP: 11/11
  4495 | D:5      | Found a deep blue altar of Sif Muna.
  4537 | D:6      | Found a white marble altar of Elyvilon.
  4743 | D:6      | Reached skill level 1 in Slings
  4774 | D:6      | Found a sparkling altar of Nemelex Xobeh.
  5093 | D:6      | You fall through a shaft for 2 floors!
  5555 | D:7      | Noticed Chiseanne's ghost (novice CeAE)
  5596 | D:7      | Noticed Joseph
  5640 | D:7      | Killed Joseph
  5640 | D:7      | Reached skill level 5 in Dodging
  5640 | D:7      | Reached skill level 7 in Stealth
  5640 | D:7      | Reached skill level 5 in Shields
  5859 | D:7      | Reached XP level 9. HP: 22/53 MP: 13/13
  5881 | D:7      | Killed Chiseanne's ghost
  5944 | D:7      | Noticed Menkaure
  6133 | D:7      | Killed Menkaure
  6259 | D:7      | Found a radiant altar of Vehumet.
  6429 | D:7      | Found a staircase to the Ecumenical Temple.
  6616 | D:7      | Reached **** piety under Fedhas
  6867 | D:8      | Reached skill level 8 in Stealth
  6897 | D:8      | Reached skill level 5 in Invocations
  7124 | D:8      | Mangled by an orc warrior

Vault maps used:
D:1:      lemuel_arrival_lava_pool, hangedman_decor_clover_reticule
D:2:      yredelemnul_altar_generic, overflow_temple_1_default
D:3:      fedhas_altar_1, okawaru_ov_weapons_minmay, minmay_misc_feat_rows
D:4:      old_standard_altar, gup_sewer_entry_pipe
D:5:      nicolae_overflow_hidden_temple, first_bread, grunt_pakellas_basics
D:6:      nemelex_deck, elyvilon_altar_5
D:7:      kennysheep_little_box, minmay_temple_entry_poolview, grunt_livestock,
          uniq_menkaure, uniq_joseph
D:8:      zin_scriptorium, uniq_psyche
Sewer:    sewer_co_purgy_island

Action                   |  1- 3 |  4- 6 |  7- 9 || total
-------------------------+-------+-------+-------++-------
Melee: Short sword       |    38 |    10 |       ||    48
       Dire flail        |    29 |     6 |       ||    35
       Mace              |       |    61 |    31 ||    92
       Trident           |       |       |   140 ||   140
 Fire: Hunting sling     |       |       |   117 ||   117
Invok: Evolution         |       |     1 |     4 ||     5
Evoke: Wand              |     5 |    15 |     5 ||    25
  Use: Scroll            |       |     3 |     8 ||    11
       Potion            |       |       |     3 ||     3
 Stab: Sleeping          |    10 |     9 |    17 ||    36
       Distracted        |     1 |     3 |       ||     4
  Eat: Meat ration       |       |     1 |       ||     1
       Chunk             |       |       |     2 ||     2
       Royal jelly       |       |       |     1 ||     1
       Bread ration      |       |       |     1 ||     1
       Pizza             |       |       |     1 ||     1
       Beef jerky        |       |       |     3 ||     3
